 Dungeon Crawl Stone Soup version 0.30.1-3-gfc49f6343a (webtiles) character file.

Game seed: 16971095897659868237

2202 spardeous the Destroyer (level 8, -5/57 HPs)
             Began as a Demigod Conjurer on July 29, 2023.
             Slain by a wyvern (17 damage)
             ... on level 6 of the Dungeon.
             The game lasted 00:10:43 (5980 turns).

spardeous the Destroyer (Demigod Conjurer)          Turns: 5980, Time: 00:10:44

Health: -5/57      AC:  5    Str:  8    XL:     8   Next: 88%
Magic:  21/21      EV: 10    Int: 28    God:
Gold:   392        SH:  3    Dex: 14    Spells: 13/20 levels left

rFire   . . .        B - +11 flail "Uckecaisch" {pain, Dex+2}
rCold   . . .        G - +0 buckler
rNeg    . . .        z - +0 leather armour
rPois   .            i - +0 helmet
rElec   .            l - scarf {shadows}
rCorr   .            (no gloves)
SInv    .            j - +0 pair of boots
Will    +....        u - amulet of magic regeneration
Stlth   ++           f - ring of willpower
HPRegen 0.29/turn    y - ring of wizardry
MPRegen 0.57/turn

%: wizardry (x1)
@: brilliant
A: high MP 1, forlorn, divine attributes
a: no special abilities


You were on level 6 of the Dungeon.
You visited 1 branch of the dungeon, and saw 7 of its levels.

You collected 392 gold pieces.

Inventory:

Hand Weapons
 B - the +11 flail "Uckecaisch" (weapon) {pain, Dex+2}
   (You found it on level 6 of the Dungeon)

   Dex:       It affects your dexterity (+2).
 I - a +4 sling
Armour
 i - a +0 helmet (worn)
 j - a +0 pair of boots (worn)
 l - a scarf of shadows (worn)
 z - a +0 leather armour (worn)
 G - a +0 buckler (worn)
Magical Staves
 A - a staff of earth
Jewellery
 f - a ring of willpower (left hand)
 u - an amulet of magic regeneration (around neck)
 y - a ring of wizardry (right hand)
 H - a ring of resist corrosion
Wands
 n - a wand of flame (15)
 F - a wand of mindburst (16)
Scrolls
 a - a scroll of torment {unknown}
 c - 5 scrolls of teleportation
 d - a scroll of fog {unknown}
 g - 2 scrolls of amnesia {unknown}
 h - 4 scrolls of identify {unknown}
 k - a scroll of silence {unknown}
 o - a scroll of poison {unknown}
 p - 2 scrolls of blinking {unknown}
 q - a scroll of noise {unknown}
 s - 2 scrolls of enchant weapon {unknown}
 C - a scroll of magic mapping {unknown}
 E - a scroll of immolation {unknown}
Potions
 b - a potion of magic
 e - a potion of lignification {unknown}
 m - a potion of brilliance
 r - a potion of heal wounds {unknown}
 t - a potion of mutation {unknown}
 v - a potion of might {unknown}
 w - a potion of ambrosia {unknown}
 x - a potion of degeneration {unknown}


   Skills:
 - Level 1.7 Dodging
 - Level 1.7 Stealth
 + Level 6.7 Spellcasting
 + Level 8.0 Conjurations
 + Level 4.4 Translocations


You had 13 spell levels left.
You knew the following spells:

 Your Spells              Type           Power      Damage    Failure   Level
a - Magic Dart            Conj           100%       1d8       1%          1
b - Searing Ray           Conj           100%       2d8       1%          2
c - Iskenderun's Mystic   Conj/Tloc      61%        2d13      4%          4

Your spell library contained the following spells:

 Spells                   Type           Power      Damage    Failure   Level
 Dazzling Flash           Conj/Hex       96%        N/A       3%          3
 Hailstorm                Conj/Ice       48%        3d11      3%          3
 Freeze                   Ice            56%        1d7       5%          1
 Ensorcelled Hibernation  Hex/Ice        28%        N/A       9%          2
 Fulminant Prism          Conj/Hex       24%        3d12      11%         4
 Frozen Ramparts          Ice            28%        1d5       16%         3
 Spider Form              Tmut/Pois      14%        N/A       16%         3
 Anguish                  Hex/Necr       7%         N/A       45%         4


Dungeon Overview and Level Annotations

Branches:
Dungeon (7/15)
 Temple: D:4-7


Innate Abilities, Weirdness & Mutations

You have an increased reservoir of magic. (+10% MP)
You shall have no god before yourself.
Your divine heritage dramatically boosts your attributes as you level up.


Message History

You tear a large gash into the net.
An orc comes into view. It is wielding a +0 flail.
The gnoll hits you from afar with a +0 halberd!
The orc barely misses you.
An orc warrior comes into view. It is wielding a +0 war axe.
You take 7 damage, and have 40/57 hp.
You struggle against the net.
The gnoll bouda barks out a call to the hunt!
The gnolls pick up the pace!
The gnoll hits you from afar with a +0 halberd.
The orc hits you with a +0 short sword.
A lemure comes into view.
You take 1 damage, and have 39/57 hp.
You rip the net and break free!
The wyvern bites you. The gnoll barely misses you.
The wyvern bites you but does no damage.
The orc hits you with a +0 short sword. The white imp gestures at you.
The puff of frost hits you.
The gnoll hits you from afar with a +0 halberd.
You take 12 damage, and have 27/57 hp.
MASSIVE DAMAGE!!
Magic restored.
The wyvern misses you. The gnoll barely misses you.
The orc hits you but does no damage. The white imp gestures at you.
The puff of frost hits you.
* * * LOW HITPOINT WARNING * * *
The gnoll hits you from afar with a +0 halberd!
* * * LOW HITPOINT WARNING * * *
You climb upwards.
Your attacks no longer feel as feeble.
There is a stone staircase leading down here.
You take 13 damage, and have 14/57 hp.
MASSIVE DAMAGE!!
MP restored: 21
Okay, then.
It was a potion of brilliance.
You feel clever all of a sudden. The wyvern barely misses you.
The orc hits you with a +0 short sword.
* * * LOW HITPOINT WARNING * * *
The white imp barely misses you. The wyvern bites you!
You die...

#.............
##.............
##........##.#..
###..........####.
#...#........#####
##...#..##......#
#....#..........###
##5...............#.
#..@l..(.....).....)
###..o...............
##.##.................
##....##....#..........
##......#...##..........
###...........##..........
#.......()................
###.....#.......###..#....
###.......#.........####....


You could see a wyvern, a white imp and an orc.

Vanquished Creatures
  Grinder (D:4)
  3 yaks (D:5)
  A water moccasin (D:6)
  A sky beast (D:6)
  An ogre (D:5)
  2 kobold brigands
  Blork the orc (D:6)
  A bullfrog (D:6)
  3 scorpions
  A gnoll sergeant (D:6)
  A howler monkey (D:5)
  A jelly (D:6)
  2 orc priests
  A gnoll bouda (D:6)
  3 hounds
  Jessica (D:2)
  Natasha (twice) (D:2)
  5 orc wizards
  18 gnolls
  8 adders
  2 white imps
  A worm (D:2)
  10 orcs
  3 bats
  4 endoplasms
  2 giant cockroaches
  7 hobgoblins
  20 kobolds
  3 quokkas
  6 ball pythons
  2 frilled lizards
  6 goblins
  4 rats
127 creatures vanquished.

Notes
Turn   | Place    | Note
-------+----------+-------------------------------------------
     0 | D:1      | spardeous the Demigod Conjurer began the quest for the Orb.
     0 | D:1      | Reached XP level 1. HP: 14/14 MP: 5/5
   545 | D:1      | Reached XP level 2. HP: 20/20 MP: 3/7
   918 | D:1      | Reached skill level 4 in Conjurations
  1138 | D:2      | Reached XP level 3. HP: 26/26 MP: 6/9
  1174 | D:2      | Noticed Natasha
  1180 | D:2      | Killed Natasha
  1313 | D:2      | Noticed Jessica
  1341 | D:1      | Learned a level 2 spell: Searing Ray
  1367 | D:2      | Killed Jessica
  1368 | D:2      | Reached XP level 4. HP: 18/33 MP: 5/11
  1648 | D:2      | Noticed Natasha
  1652 | D:2      | Killed Natasha
  2138 | D:3      | Reached skill level 5 in Conjurations
  2138 | D:3      | Reached XP level 5. HP: 30/38 MP: 5/13
  2941 | D:4      | Noticed Grinder
  2949 | D:4      | Killed Grinder
  2950 | D:4      | Reached XP level 6. HP: 45/45 MP: 4/16
  3621 | D:5      | Entered Level 5 of the Dungeon
  3628 | D:5      | Reached skill level 6 in Conjurations
  3837 | D:5      | Learned a level 4 spell: Iskenderun's Mystic Blast
  3851 | D:5      | Reached XP level 7. HP: 50/50 MP: 13/17
  3860 | D:5      | Reached skill level 5 in Spellcasting
  4262 | D:5      | Reached skill level 1 in Translocations
  4335 | D:5      | Noticed a yak
  4348 | D:5      | Noticed a yak
  4351 | D:5      | Noticed a yak
  4353 | D:5      | Killed a yak
  4359 | D:5      | Killed a yak
  4373 | D:5      | HP: 1/50 [yak (15)]
  4374 | D:5      | Killed a yak
  4375 | D:5      | Reached skill level 7 in Conjurations
  4375 | D:5      | Reached XP level 8. HP: 2/57 MP: 0/20
  5225 | D:6      | Identified the +11 flail "Uckecaisch" {pain, Dex+2}
  5228 | D:6      | Noticed Blork the orc
  5247 | D:6      | Killed Blork the orc
  5851 | D:6      | Reached skill level 8 in Conjurations
  5980 | D:6      | Slain by a wyvern

Illustrated notes

Levels and vault maps discovered:
D:1:      matt_arrival_grand_opening, layout_rooms, minmay_misc_feat_five
D:2:      layout_rooms, hex_large, uniq_jessica, uniq_natasha
D:3:      layout_basic, ebering_ecumenical_altar_rust, serial_bayou,
          serial_bayou_lagoon_a, serial_bayou_pond_a, serial_bayou_shore_a,
          serial_bayou_pond_d, minivault_14
D:4:      layout_basic, chequers_temple_overflow_statue_of_worship, uniq_grinder
D:5:      layout_layer_cave, mainiacjoe_overflow_24_doors,
          evilmike_ruin_ashenzari
D:6:      layout_cave_pools, uniq_blork_the_orc
D:7:      layout_cave_pods, temple_pool_b, uniq_duvessa, uniq_pikel

Skill      XL: |  1  2  3  4  5  6  7  8 |
---------------+-------------------------+-----
Spellcasting   | 2 3 4 5 6 |  6.7
Conjurations   | 4 5 6 7 8 |  8.0
Translocations | 2 4 |  4.4
Dodging        | |  1.7
Stealth        | |  1.7

Action                     |  1- 3 |  4- 6 |  7- 9 || total
---------------------------+-------+-------+-------++-------
   Cast: Magic Dart        |    69 |    71 |    61 ||   201
         Searing Ray       |     1 |     8 |    38 ||    47
    Use: Potion            |       |       |     4 ||     4
         Scroll            |       |       |     1 ||     1
 Armour: Robe              |     3 |     1 |     7 ||    11
         Leather armour    |       |       |    23 ||    23
  Dodge: Dodged            |    11 |     8 |    53 ||    72
  Block: Buckler           |       |       |     3 ||     3
